 Dungeon Sprint DCSS version 0.21-a0-94-gdd6ab6a (webtiles) character file.

7 Kidiri the Grave Robber (level 2, -2/23 HPs)
             Began as a Ghoul Necromancer on July 2, 2017.
             Slain by a gnoll
             ... wielding a +0 halberd
              (8 damage)
             ... in the Dungeon (Sprint IX: "|||||||||||||||||||||||||||||").
             The game lasted 00:01:20 (69 turns).

Kidiri the Grave Robber (Ghoul Necromancer)           Turns: 69, Time: 00:01:21

Health: -2/23      AC:  2    Str: 11    XL:     2   Next: 0%
Magic:  0/4        EV: 12    Int: 10    God:
Gold:   0          SH:  0    Dex:  9    Spells: 3/5 levels left

rFire    . . .     SeeInvis .     - Unarmed
rCold    + . .     Gourm    .   (no shield)
rNeg     + + +     Faith    .   a - +0 robe
rPois    ∞         Spirit   .   (no helmet)
rElec    .         Reflect  .   (no cloak)
rCorr    .         Harm     .   (no gloves)
MR       .....     NoTele   +   (no boots)
Stlth    ++........             (no amulet)
HPRegen  0.00/turn              (no ring)
MPRegen  0.09/turn              (no ring)

@: rotting
A: rotting body, claws 1, carnivore 3, cold resistance 1, negative energy
resistance 3, inhibited regeneration, torment resistance, unbreathing
a: no special abilities


You were in the Dungeon.
You were not hungry.

You visited 1 branch

Inventory:

Armour
 a - a +0 robe (worn)
Scrolls
 i - a scroll of blinking
Potions
 d - a potion of curing
 e - a potion of heal wounds
 f - a potion of haste
 g - 2 potions of magic
Books
 b - a book of Necromancy

   Spells                             Type                      Level
   a - Pain                           Necromancy                   1
   b - Animate Skeleton               Necromancy                   1
   c - Vampiric Draining              Necromancy                   3
   d - Regeneration                   Charms/Necromancy            3
   e - Animate Dead                   Necromancy                   4
   f - Control Undead                 Necromancy                   4
Comestibles
 c - a meat ration
 k - 5 chunks of flesh


   Skills:
 + Level 1.0 Fighting
   Level 0.1 Short Blades
 + Level 0.6 Armour
 + Level 2.1 Dodging
 + Level 2.5 Stealth
 + Level 1.0 Unarmed Combat
 * Level 2.3 Spellcasting
 + Level 4.2 Necromancy


You had 3 spell levels left.
You knew the following spells:

 Your Spells              Type           Power        Failure   Level  Hunger
a - Pain                  Necr           #...         5%          1    ##.....
b - Animate Skeleton      Necr           N/A          5%          1    ##.....


Dungeon Overview and Level Annotations

Branches:
Dungeon (1/1)

Altars:


Innate Abilities, Weirdness & Mutations

Your body is rotting away.
You thrive on raw meat.
You are immune to poison.
You have sharp fingernails.
You are carnivorous and can eat meat at any time.
Your flesh is cold resistant. (rC+)
You are immune to negative energy. (rN+++)
You do not regenerate when monsters are visible.
You are immune to unholy pain and torment.
You can survive without breathing.


Message History

There's nothing to close nearby.
There's nothing to close nearby.
Unknown command.
Unknown command.
A gnoll opens the door.
There is a staircase leading out of the dungeon here.
Casting: Pain
Confirm with . or Enter, or press ? or * to list all spells.
Aiming: Pain
Press: ? - help, Shift-Dir - straight line, f/p - gnoll
Aim: a gnoll, wielding a halberd (chance to defeat MR: 68%)
The gnoll writhes in agony!
Casting: Pain
Confirm with . or Enter, or press ? or * to list all spells.
Aiming: Pain
Press: ? - help, Shift-Dir - straight line, f/p - gnoll
Aim: a gnoll, wielding a halberd (moderately wounded, chance to defeat MR: 68%)
The gnoll writhes in agony!
The gnoll hits you from afar with a halberd!
You die... ▓▓▓▓▓▓▓▓▓▓▓▓▓▓▓▓▓▓ ▓@.gsZha..a'.a...+ ▓▓▓▓▓▓▓▓▓▓▓▓▓▓▓▓▓▓

You could see a scorpion, a hound, a worker ant, a gnoll and an adder zombie.

Vanquished Creatures
  A dart slug (D)
  A jackal (D)
  2 bats (D)
  A goblin (D)
5 creatures vanquished.

Vanquished Creatures (others)
  A spatial maelstrom (D)
1 creature vanquished.

Grand Total: 6 creatures vanquished

Notes
Turn   | Place    | Note
-------+----------+-------------------------------------------
     0 | D        | Kidiri the Ghoul Necromancer began the quest for the Orb.
     0 | D        | Reached XP level 1. HP: 14/14 MP: 2/2
     8 | D        | Banished a spatial maelstrom
    23 | D        | Reached skill level 1 in Fighting
    23 | D        | Reached skill level 1 in Unarmed Combat
    23 | D        | Reached XP level 2. HP: 18/23 MP: 0/4
    31 | D        | Learned a level 1 spell: Animate Skeleton
    39 | D        | Noticed a scorpion
    69 | D        | Slain by a gnoll

Vault maps used:
D:        linesprint

Skill      XL: |  1 |
---------------+----+-----
Dodging        | 2 |  2.1
Spellcasting   | 2 |  2.3
Fighting       | 1 |  1.0
Unarmed Combat | 1 |  1.0
Short Blades   | |  0.1
Armour         | |  0.6
Stealth        | |  2.5
Necromancy     | |  4.2

Action                   || total
-------------------------++-------
Melee: Unarmed           ||     9
       Dagger            ||     1
 Cast: Pain              ||     5
       Animate Skeleton  ||     1
Armor: Robe              ||     4
Dodge: Dodged            ||    10
